 Dungeon Crawl Stone Soup version 0.17.1-1-g73c8601 (webtiles) character file.

11395 Peloso the Blocker (level 11, -22/99 HPs)
             Began as a Minotaur Fighter on Dec 11, 2015.
             Was a High Priest of Okawaru.
             Hit by a large rock thrown by a cyclops (33 damage)
             ... on level 8 of the Dungeon.
             The game lasted 00:33:39 (8829 turns).

Peloso the Blocker (Minotaur Fighter)               Turns: 8829, Time: 00:33:39

Health: -22/99     AC: 21    Str: 26    XL:     11   Next: 48%
Magic:  10/10      EV:  9    Int:  5    God:    Okawaru [*****.]
Gold:   426        SH: 13    Dex: 12    Spells: 0 memorised, 10 levels left

rFire  . . .     SeeInvis .     a - +0 long sword
rCold  . . .     Clarity  .     o - +0 plate armour
rNeg   + . .     SustAt   .     c - +0 shield
rPois  .         Gourm    .     l - +1 hat {MR+}
rElec  .         Spirit   .     i - +1 cloak
rCorr  .         Warding  .     x - +1 pair of gloves
rMut   .         Stasis   .     w - +0 pair of boots
MR     +....                    E - amulet of regeneration
Stlth  ..........               y - ring of positive energy
                                H - +4 ring of strength

@: liquid flames, glowing, drained, somewhat resistant to hostile enchantments,
extremely unstealthy
A: retaliatory headbutt, horns 2
a: Heroism, Finesse, Renounce Religion


You were on level 8 of the Dungeon.
You worshipped Okawaru.
Okawaru was extremely pleased with you.
You were hungry.

You visited 2 branches of the dungeon, and saw 11 of its levels.
You also visited: Ossuary.

You collected 426 gold pieces.

Inventory:

Hand Weapons
 a - a +0 long sword (weapon)
 b - a +1 trident of flaming
Armour
 c - a +0 shield (worn)
 i - a +1 cloak (worn)
 l - a +1 hat of magic resistance (worn)
 o - a +0 plate armour (worn)
 w - a +0 pair of boots (worn)
 x - a +1 pair of gloves (worn)
Jewellery
 d - an uncursed ring of ice
 y - a ring of positive energy (right hand)
 E - an amulet of regeneration (around neck)
 H - a +4 ring of strength (left hand)
Wands
 m - a wand of flame (30)
 A - a wand of random effects (23)
 L - a wand of teleportation (6)
Scrolls
 f - a scroll of amnesia
 g - 3 scrolls of fear
 h - 2 scrolls of magic mapping
 k - 7 scrolls of remove curse
 u - a scroll of fog
 M - 4 scrolls of teleportation
Potions
 j - a potion of curing {unknown}
 p - 2 potions of haste
 t - 3 potions of heal wounds
 v - 2 potions of lignification {unknown}
 C - 2 potions of cure mutation
 D - a potion of might
 G - a potion of brilliance
 I - 2 potions of flight
 K - a potion of agility
Books
 q - a book of Callings

   Spells                             Type                      Level
   a - Summon Small Mammal            Summoning                    1
   b - Call Imp                       Summoning                    2
   c - Call Canine Familiar           Summoning                    3
   d - Summon Guardian Golem          Hexes/Summoning              3
   e - Summon Lightning Spire         Summoning/Air                4
   f - Summon Ice Beast               Ice/Summoning                4
 s - a book of Spatial Translocations

   Spells                             Type                      Level
   a - Apportation                    Translocation                1
   b - Blink                          Translocation                2
   c - Shroud of Golubria             Charms/Translocation         2
   d - Portal Projectile              Translocation                3
   e - Teleport Other                 Translocation                3
   f - Passage of Golubria            Translocation                4
 J - a book of Changes

   Spells                             Type                      Level
   a - Beastly Appendage              Transmutation                1
   b - Sticks to Snakes               Transmutation                2
   c - Spider Form                    Transmutation/Poison         3
   d - Ice Form                       Ice/Transmutation            4
   e - Blade Hands                    Transmutation                5
Comestibles
 e - 6 bread rations
 n - 6 chunks of flesh
 r - 8 meat rations
 z - 6 slices of pizza
 B - a royal jelly
 N - 16 fruits


   Skills:
 + Level 9.7(9.5) Fighting
 + Level 10.6(10.3) Long Blades
 + Level 0.2(0.0) Polearms
 + Level 10.1(9.8) Armour
 + Level 4.3(4.1) Dodging
 + Level 0.3(0.1) Stealth
 + Level 13.3(13.0) Shields
 + Level 0.8(0.5) Invocations


You had 10 spell levels left.
You didn't know any spells.

Dungeon Overview and Level Annotations

Branches:
Dungeon (10/15)            Temple (1/1) D:4            Lair (0/8) D:9
    Orc (0/4) D:9

Altars:
Ashenzari
Cheibriados
Dithmenos
Fedhas
Kikubaaqudgha
Makhleb
Nemelex Xobeh
Okawaru
Qazlal
Sif Muna
Trog
Vehumet
Xom
Yredelemnul
Zin
The Shining One

Shops:
D:5 !   D:6 :


Innate Abilities, Weirdness & Mutations

You reflexively headbutt those who attack you in melee.
You have a pair of horns on your head.


Message History

The gargoyle is heavily damaged.
You are covered in liquid flames!
Something hits you but does no damage. The mottled dragon bites you.
The mottled dragon barely misses you.
The cyclops throws a large rock.
The large rock hits you!!
* * * LOW HITPOINT WARNING * * *
The gargoyle hurls a stone arrow at you.
The stone arrow hits you!
* * * LOW HITPOINT WARNING * * *
Unknown command.
You slash the gargoyle!
You headbutt the gargoyle, but do no damage.
The gargoyle is severely damaged.
Something hits you but does no damage.
The mottled dragon breathes sticky fire at you.
The sticky flame hits you!
You are covered in liquid flames!
You block the gargoyle's attack.
The cyclops throws a large rock.
The large rock hits you!!
You die...

..###..#.$#..#..##
...#......#......
#..#$.#..###..# #
#######..†....#### ..
#..# #.......#..# ...
...#.....###.....# C..#
..###.....#.....###.....
.......#.(#..#.......#
)))....#######..@Z)..#
.).....# #.D9.oa.#
..###..... .....###.....
.†.# ....###..... ....#
#..# #.......#.. #...
#### .......### ... #..#
#..###.. .# ...# .....
.. ..###..#


You could see a cyclops, a mottled dragon, a gargoyle, a worker ant, an orc and
a hound skeleton.

Vanquished Creatures
  A hydra (D:9)
  2 hill giants
  Joseph (D:9)
  The ghost of Gargoyl the Skirmisher, a novice DsAK of Lugonu (Ossuary)
  A gargoyle (D:10)
  Grinder (D:5)
  3 trolls
  5 slime creatures (D:10)
  7 yaks (D:9)
  A wyvern (D:8)
  A deep elf fighter (D:9)
  Edmund (D:6)
  Duvessa (D:5)
  4 ice beasts
  A phantom (D:7)
  A black bear (D:8)
  A sky beast (D:6)
  6 ogres
  3 orc warriors
  A necrophage (D:10)
  3 centaurs
  3 big kobolds (D:9)
  An elf zombie (Ossuary)
  Blork the orc (D:5)
  5 giant frogs
  A crocodile (D:8)
  A wyvern skeleton (D:7)
  3 scorpions
  Dowan (D:5)
  5 wights (D:6)
  5 hounds
  6 crimson imps
  5 orc priests
  3 jellies
  9 orc wizards
  A giant frog skeleton (D:7)
  A giant frog zombie (D:10)
  A centaur skeleton (D:8)
  4 iguanas
  7 worker ants
  A killer bee zombie (D:8)
  2 sheep (D:9)
  2 big kobold zombies (Ossuary)
  4 mummies (Ossuary)
  A hound zombie (Ossuary)
  A worker ant zombie (D:5)
  8 gnolls
  13 adders
  2 river rats (D:9)
  4 oozes
  An adder skeleton (D:6)
  2 adder zombies (Ossuary)
  3 worms
  38 orcs
  2 ball pythons (D:1)
  3 giant cockroaches
  7 goblins
  3 hobgoblins
  6 kobolds (D:1)
  4 quokkas
  20 bats
  5 giant geckos
  A giant gecko zombie (D:7)
  3 giant newts
  2 goblin zombies (Ossuary)
  6 jackals
  3 orc zombies (Ossuary)
  17 rats
  A rat zombie (Ossuary)
274 creatures vanquished.

Vanquished Creatures (others)
  Erolcha (D:9)
  An iguana (D:9)
  A river rat (D:9)
  A bat (D:9)
  3 fungi (D:9)
7 creatures vanquished.

Grand Total: 281 creatures vanquished

Notes
Turn   | Place    | Note
--------------------------------------------------------------
     0 | D:1      | Peloso the Minotaur Fighter began the quest for the Orb.
     0 | D:1      | Reached XP level 1. HP: 19/19 MP: 0/0
   158 | D:1      | Reached XP level 2. HP: 27/27 MP: 1/1
   166 | D:1      | Reached skill level 4 in Shields
   388 | D:1      | Reached XP level 3. HP: 30/33 MP: 2/2
  1464 | D:2      | Reached skill level 1 in Dodging
  1478 | D:2      | Reached XP level 4. HP: 9/40 MP: 3/3
  1795 | D:2      | Found a blossoming altar of Fedhas.
  2536 | D:4      | Found a staircase to the Ecumenical Temple.
  2540 | D:4      | Reached XP level 5. HP: 43/47 MP: 4/4
  2555 | Temple   | Entered the Ecumenical Temple
  2617 | Temple   | Became a worshipper of Warmaster Okawaru
  2865 | D:4      | Found a radiant altar of Vehumet.
  2869 | D:4      | Reached skill level 5 in Shields
  2938 | D:4      | Found a snail-covered altar of Cheibriados.
  3270 | D:5      | Entered Level 5 of the Dungeon
  3271 | D:5      | Noticed Grinder
  3276 | D:5      | Paralysed by Grinder for 4 turns
  3289 | D:5      | Killed Grinder
  3289 | D:5      | Reached * piety under Okawaru
  3289 | D:5      | Reached skill level 5 in Armour
  3289 | D:5      | Reached skill level 6 in Shields
  3289 | D:5      | Reached XP level 6. HP: 9/53 MP: 5/5
  3712 | D:5      | Noticed Blork the orc
  3725 | D:5      | Killed Blork the orc
  3725 | D:5      | Reached skill level 5 in Fighting
  3725 | D:5      | Reached XP level 7. HP: 37/61 MP: 6/6
  3728 | D:5      | Noticed Dowan
  3885 | D:5      | Killed Dowan
  3885 | D:5      | Reached skill level 7 in Shields
  3928 | D:5      | Noticed Duvessa
  3937 | D:5      | Killed Duvessa
  3937 | D:5      | Reached ** piety under Okawaru
  4029 | D:5      | Noticed an ice beast
  4044 | D:5      | Killed an ice beast
  4307 | D:5      | Found Zighabefi's Distillery.
  4313 | D:5      | Noticed a centaur
  4321 | D:5      | Killed a centaur
  4321 | D:5      | Reached skill level 5 in Long Blades
  4321 | D:5      | Reached XP level 8. HP: 69/69 MP: 7/7
  4537 | D:6      | Noticed Edmund
  4557 | D:6      | Killed Edmund
  4557 | D:6      | Reached skill level 8 in Shields
  4704 | D:6      | Reached *** piety under Okawaru
  5123 | D:6      | Reached skill level 9 in Shields
  5675 | D:6      | Found Dounkerr's Book Boutique.
  5842 | D:7      | Reached XP level 9. HP: 75/75 MP: 8/8
  6186 | D:7      | Found a sand-covered staircase.
  6194 | Ossuary  | Entered an ossuary
  6194 | Ossuary  | Noticed Gargoyl's ghost (novice DsAK)
  6211 | Ossuary  | Killed Gargoyl's ghost
  6211 | Ossuary  | Reached **** piety under Okawaru
  6211 | Ossuary  | Reached skill level 10 in Shields
  6631 | D:7      | You fall through a shaft for 3 floors!
  6631 | D:10     | Entered Level 10 of the Dungeon
  6732 | D:10     | Noticed a hill giant
  6746 | D:10     | Killed a hill giant
  6746 | D:10     | Reached skill level 11 in Shields
  6746 | D:10     | Reached XP level 10. HP: 75/88 MP: 7/9
  7046 | D:10     | Noticed a gargoyle
  7055 | D:10     | Killed a gargoyle
  7291 | D:9      | Found a glowing golden altar of the Shining One.
  7291 | D:9      | Found a glowing silver altar of Zin.
  7292 | D:9      | Found a shattered altar of Ashenzari.
  7384 | D:9      | Reached ***** piety under Okawaru
  7731 | D:10     | Received a gift from Okawaru
  7731 | D:10     | Reached skill level 12 in Shields
  7832 | D:10     | Reached skill level 10 in Long Blades
  7993 | D:9      | Noticed Erolcha
  8083 | D:9      | Killed Erolcha
  8083 | D:9      | Reached XP level 11. HP: 62/97 MP: 10/10
  8089 | D:9      | Noticed Joseph
  8153 | D:9      | Killed Joseph
  8171 | D:9      | Noticed a hill giant
  8186 | D:9      | Killed a hill giant
  8204 | D:9      | Found a staircase to the Orcish Mines.
  8441 | D:9      | Reached skill level 13 in Shields
  8451 | D:9      | Noticed a three-headed hydra
  8466 | D:9      | Killed a four-headed hydra
  8637 | D:9      | Found a staircase to the Lair.
  8642 | D:9      | Reached skill level 10 in Armour
  8788 | D:8      | Found an ancient bone altar of Kikubaaqudgha.
  8829 | D:8      | Hit by a large rock thrown by a cyclops

Action                   |  1- 3 |  4- 6 |  7- 9 | 10-12 || total
-------------------------+-------+-------+-------+-------++-------
Melee: Long sword        |   108 |   169 |   378 |   378 ||  1033
       Trident           |       |       |       |    23 ||    23
Invok: Heroism           |       |       |     1 |     1 ||     2
  Use: Potion            |       |     1 |     1 |       ||     2
       Scroll            |       |       |    10 |     8 ||    18
  Eat: Meat ration       |     1 |       |       |       ||     1
       Chunk             |       |     3 |    10 |    10 ||    23
       Royal jelly       |       |       |     1 |       ||     1
